 Dungeon Crawl Stone Soup version 0.31-a0-246-g8cbcc1cb85 (webtiles) character file.

Game seed: 4100916951832330659

1305 arthad the Trooper (level 8, -12/53 HPs)
             Began as a Gargoyle Fighter on July 12, 2023.
             Was an Initiate of Gozag.
             Mangled by Menkaure (16 damage)
             ... on level 4 of the Dungeon.
             The game lasted 00:07:28 (4067 turns).

arthad the Trooper (Gargoyle Fighter)               Turns: 4067, Time: 00:07:29

Health: -12/53     AC: 16    Str: 27    XL:     8   Next: 57%
Magic:  8/8        EV:  9    Int: 16    God:    Gozag
Gold:   73         SH:  5    Dex:  9    Spells: 7/7 levels left

rFire   . . .        a - +0 flail
rCold   . . .        c - +0 buckler
rNeg    + . .        b - +0 scale mail
rPois   ∞            A - +0 helmet
rElec   +            (no cloak)
rCorr   .            (no gloves)
SInv    .            h - +1 pair of boots {Stlth+}
Will    .....        (no amulet)
Stlth   +            y - +6 ring of strength
HPRegen 0.28/turn    D - +6 ring of intelligence
MPRegen 0.11/turn

%: no passive effects
@: no status effects
A: sickness immunity, AC +5, negative energy resistance 1, electricity
resistance, torment resistance 1, petrification resistance
a: Renounce Religion, Potion Petition, Call Merchant, Bribe Branch


You were on level 4 of the Dungeon.
You worshipped Gozag.
Gozag was noncommittal.
You visited 2 branches of the dungeon, and saw 7 of its levels.

You collected 115 gold pieces.
You paid 42 gold pieces to Gozag.

Inventory:

Hand Weapons
 a - a +0 flail (weapon)
 C - a +0 whip
Missiles
 n - 6 javelins (quivered)
 u - 2 atropa-tipped darts
Armour
 b - a +0 scale mail (worn)
 c - a +0 buckler (worn)
 h - a +1 pair of boots of stealth (worn)
 l - a scarf of harm
 A - a +0 helmet (worn)
Magical Staves
 q - a staff of cold
Jewellery
 y - a +6 ring of strength (left hand)
 D - a +6 ring of intelligence (right hand)
Talismans
 o - a beast talisman
Wands
 m - a wand of flame (23)
 x - a wand of digging (7)
 z - a wand of light (13)
Scrolls
 f - 3 scrolls of identify {unknown}
 g - 2 scrolls of immolation {unknown}
 i - a scroll of revelation {unknown}
 k - a scroll of teleportation {unknown}
 p - a scroll of fog {unknown}
 r - a scroll of fear {unknown}
 t - a scroll of summoning {unknown}
 w - a scroll of vulnerability {unknown}
Potions
 d - 2 potions of degeneration {unknown}
 j - a potion of lignification
 s - 2 potions of brilliance {unknown}
 v - a potion of invisibility {unknown}
 B - a potion of haste {unknown}
 E - 2 potions of magic {unknown}


   Skills:
 * Level 7.2 Fighting
 * Level 6.1 Maces & Flails
 + Level 5.5 Armour
 + Level 5.5 Shields


You had 7 spell levels left.
You didn't know any spells.
Your spell library was empty.

Dungeon Overview and Level Annotations

Branches:
Dungeon (6/15)             Temple (1/1) D:4

Altars:
Ashenzari
Cheibriados
Elyvilon
Fedhas
Gozag
Kikubaaqudgha
Nemelex Xobeh
Okawaru
Qazlal
Ru
Sif Muna
Trog
Uskayaw
Wu Jian
Zin
The Shining One

Shops:
D:5 =

Annotations:
D:4 Menkaure


Innate Abilities, Weirdness & Mutations

You are immune to sickness and miasma.
Your stone body is resilient. (AC +5)
You are immune to poison.
You resist negative energy. (rN+)
You are resistant to electric shocks. (rElec)
You are resistant to unholy torment.
You are immune to petrification.


Message History

You hit the wight but do no damage. The wight closely misses you.
Menkaure calls on the powers of darkness!
Your body is wracked with pain!
You sock the wight!
The wight is heavily damaged.
The wight hits you with a +4 flail of freezing.
The wight freezes you.
You hit the wight.
The wight is severely damaged.
The wight barely misses you.
The wight hits you with a +4 flail of freezing.
The wight freezes you.
You hit the wight but do no damage.
The wight is severely damaged.
The wight closely misses you.
You barely miss the wight.
The wight is severely damaged.
The wight hits you with a +4 flail of freezing.
The wight freezes you. Menkaure hits you!
* * * LOW HITPOINT WARNING * * *
You are too injured to fight recklessly!
You are too injured to fight recklessly!
You are too injured to fight recklessly!
You are too injured to fight recklessly!
You are too injured to fight recklessly!
You are too injured to fight recklessly!
You are too injured to fight recklessly!
You are too injured to fight recklessly!
You are too injured to fight recklessly!
You are too injured to fight recklessly!
You are too injured to fight recklessly!
You are too injured to fight recklessly!
You feel better.
The wight hits you with a +4 flail of freezing!
* * * LOW HITPOINT WARNING * * *
The wight freezes you.
* * * LOW HITPOINT WARNING * * *
Menkaure hits you!
You die...
Your body crumbles into a pile of gold.

..# #... #. ..#
#... ..# #... ..#
#...## ..# #....#
..# #...# .##
#..z## .# #..M.#
.#### #..@.####
....##
#.......####
###).####
##.........#
##....#
#.........#
####.####
##.......##
#....#####.......#
####....###.....##
####...##...###.
###...........


You could see Menkaure and a wight.

Vanquished Creatures
  Grinder (D:3)
  Eustachio (D:4)
  A black bear (D:5)
  An ogre (D:4)
  A centaur (D:5)
  A phantom (D:5)
  A bullfrog (D:5)
  2 scorpions (D:5)
  A howler monkey (D:5)
  2 hounds (D:5)
  2 jellies
  2 iguanas
  A sleepcap (D:6)
  Natasha (thrice) (D:3)
  4 adders
  3 white imps
  4 dart slugs
  11 orcs
  6 ball pythons
  3 bats
  9 endoplasms
  11 giant cockroaches
  3 hobgoblins
  4 jackals (D:5)
  2 quokkas
  2 frilled lizards
  10 goblins
  8 kobolds
  6 rats
106 creatures vanquished.

Notes
Turn   | Place    | Note
-------+----------+-------------------------------------------
     0 | D:1      | arthad the Gargoyle Fighter began the quest for the Orb.
     0 | D:1      | Reached XP level 1. HP: 14/14 MP: 1/1
    82 | D:1      | Reached XP level 2. HP: 19/19 MP: 2/2
   378 | D:1      | Reached XP level 3. HP: 19/24 MP: 3/3
  1074 | D:2      | Reached skill level 4 in Fighting
  1074 | D:2      | Reached XP level 4. HP: 26/29 MP: 4/4
  1526 | D:3      | Noticed Grinder
  1533 | D:3      | Paralysed by Grinder for 3 turns
  1537 | D:3      | Paralysed by Grinder for 2 turns
  1552 | D:3      | Killed Grinder
  1553 | D:3      | Reached skill level 5 in Fighting
  1553 | D:3      | Reached XP level 5. HP: 19/35 MP: 5/5
  1553 | D:3      | Reached XP level 6. HP: 22/40 MP: 6/6
  1686 | D:3      | Found a faded altar of an unknown god.
  1737 | D:3      | Noticed Natasha
  1741 | D:3      | Killed Natasha
  1859 | D:3      | Noticed Natasha
  1869 | D:3      | Killed Natasha
  2211 | D:3      | Noticed Natasha
  2231 | D:3      | Killed Natasha
  2392 | D:3      | You fall into a shaft and drop 3 floors!
  2506 | D:6      | Noticed a water moccasin
  2509 | D:5      | Entered Level 5 of the Dungeon
  2521 | D:5      | Reached XP level 7. HP: 36/44 MP: 7/7
  2667 | D:5      | Found Bephapn's Jewellery Boutique.
  2761 | D:5      | Reached skill level 6 in Fighting
  2799 | D:5      | Found an iron altar of Okawaru.
  2935 | D:5      | Found a sacrificial altar of Ru.
  2936 | D:5      | Found a bloodstained altar of Trog.
  2953 | D:5      | Reached skill level 5 in Maces & Flails
  2998 | D:5      | Reached skill level 5 in Armour
  2998 | D:5      | Reached skill level 5 in Shields
  2998 | D:5      | Reached XP level 8. HP: 29/52 MP: 8/8
  3230 | D:4      | Reached skill level 7 in Fighting
  3411 | D:4      | Noticed Eustachio
  3480 | D:4      | Killed Eustachio
  3668 | D:4      | Found a staircase to the Ecumenical Temple.
  3682 | Temple   | Entered the Ecumenical Temple
  3959 | Temple   | Became a worshipper of Gozag Ym Sagoz the Greedy
  4057 | D:4      | Noticed Menkaure
  4067 | D:4      | Mangled by Menkaure

Illustrated notes

Levels and vault maps discovered:
D:1:      scummos_arrival_gate, layout_basic, serial_aquarium,
          aquarium_bridge_island_small [aquarium_subvault_small_water,
          aquarium_subvault_balcony, aquarium_subvault_bridge,
          aquarium_subvault_bridge, aquarium_subvault_bridge],
          aquarium_bridge_long_separate [aquarium_subvault_bridge,
          aquarium_subvault_bridge, aquarium_subvault_bridge,
          aquarium_subvault_bridge, aquarium_subvault_wall,
          aquarium_subvault_bridge], aquarium_window_2, aquarium_window_1,
          aquarium_window_fake, aquarium_view_2d, aquarium_balcony_3b,
          aquarium_pool_corner
D:2:      layout_rooms
D:3:      minmay_roachtagon, layout_loops_corners,
          hellmonk_ecumenical_altar_defaced_shrine, uniq_natasha, uniq_grinder
D:4:      kennysheep_spiral_hall, layout_basic, minmay_temple_entry_slanted,
          uniq_eustachio, uniq_menkaure
D:5:      layout_basic, mainiacjoe_overflow_large_starburst,
          general_overflow_altar, minmay_shop_enchanted_jewellery,
          nicolae_sextant, minmay_a_box_with_orc_wizards_in_it
D:6:      layout_basic, serial_park_tiny_pond, minmay_crystal_water
Temple:   oiseaux_autumnal_temple

Skill      XL: |  1  2  3  4  5  6  7  8 |
---------------+-------------------------+-----
Fighting       | 4 5 6 7 |  7.2
Maces & Flails | 3 4 5 6 |  6.1
Armour         | 4 5 |  5.5
Shields        | 4 5 |  5.5

Action                     |  1- 3 |  4- 6 |  7- 9 || total
---------------------------+-------+-------+-------++-------
  Melee: Flail             |    98 |   155 |   239 ||   492
  Throw: Javelin           |       |     1 |       ||     1
    Use: Potion            |       |     4 |     1 ||     5
 Armour: Scale mail        |    56 |   100 |   151 ||   307
         Skin              |       |     4 |       ||     4
  Dodge: Dodged            |    49 |    90 |   116 ||   255
  Block: Buckler           |    23 |    34 |    63 ||   120

Table legend: (Time is in decaauts)
 A = Elapsed time spent in this place.
 B = Non-inter-level travel time spent in this place.
 C = Inter-level travel time spent in this place.
 D = Time resting spent in this place.
 E = Time spent auto-exploring this place.
 F = Levels seen in this place.
 G = Mean time per level.
                   A        B        C        D        E       F      G
               +--------+--------+--------+--------+--------+-----+--------+
         Total |   4177 |   4063 |    114 |    218 |   2864 |   7 |  596.7 |
       Dungeon |   3875 |   3802 |     73 |    218 |   2618 |   6 |  645.8 |
        Temple |    302 |    262 |     40 |      0 |    246 |   1 |  302.0 |
               +--------+--------+--------+--------+--------+-----+--------+

Top non-repeatable levels by time:
     D:1: 1000 daAuts
     D:3: 888 daAuts
     D:5: 720 daAuts
     D:4: 580 daAuts
     D:2: 565 daAuts
  Temple: 302 daAuts
     D:6: 119 daAuts
